 Dungeon Crawl Stone Soup version 0.25.1-9-gc5326a611f (webtiles) character file.

Game seed: 8198772411185888461

436 promet the Caller (level 7, -1/52 HPs)
             Began as a Merfolk Summoner on Dec 26, 2020.
             Slain by a hound (4 damage)
             ... on level 4 of the Dungeon on Dec 28, 2020.
             The game lasted 01:08:02 (7158 turns).

promet the Caller (Merfolk Summoner)                Turns: 7158, Time: 01:08:03

Health: -1/52      AC:  5    Str:  8      XL:     7   Next: 1%
Magic:  6/11       EV: 15    Int: 14 (16) God:
Gold:   194        SH:  0    Dex: 20 (21) Spells: 6/12 levels left

rFire    . . .     SeeInvis .   a - +0 dagger
rCold    . . .     Gourm    .   (no shield)
rNeg     . . .     Faith    .   e - +1 leather armour
rPois    .         Spirit   .   (helmet restricted)
rElec    .         Reflect  .   w - +0 cloak
rCorr    .         Harm     .   (no gloves)
MR       .....                  (no boots)
Stlth    ++........             (no amulet)
HPRegen  0.17/turn              o - +6 ring of dexterity
MPRegen  0.12/turn              (no ring)

@: no status effects
A: change form in water, swift swim, stealthy swim, horns 1, robust 1
a: no special abilities


You were on level 4 of the Dungeon.
You were hungry.

You visited 1 branch of the dungeon, and saw 5 of its levels.

You collected 194 gold pieces.

Inventory:

Hand Weapons
 a - a +0 dagger (weapon)
 b - a +0 hunting sling
 q - a +2 shortbow of freezing
 t - a +0 war axe
 v - a +4 quarterstaff of chaos
 x - a +0 dagger of holy wrath
Missiles
 d - 79 stones
 f - 38 bolts
 g - 51 arrows
 l - 37 sling bullets
 n - 20 poisoned darts (quivered)
Armour
 e - a +1 leather armour (worn)
 p - a +0 chain mail
 s - a +0 buckler
 w - a +0 cloak (worn)
 y - a +0 pair of gloves
Jewellery
 o - a +6 ring of dexterity (left hand)
Scrolls
 i - 4 scrolls of remove curse
 j - 3 scrolls of teleportation
 k - 2 scrolls of identify
 u - a scroll of enchant weapon
Potions
 h - 3 potions of flight
 r - a potion of brilliance
Comestibles
 c - 7 rations
 m - a chunk of flesh


   Skills:
 + Level 1.2 Fighting
 + Level 2.2 Short Blades
 + Level 1.1 Slings
 + Level 0.2(0.9) Throwing
 + Level 1.2 Armour
 * Level 5.0 Dodging
 + Level 3.0 Stealth
 + Level 0.5 Shields
 + Level 0.2 Unarmed Combat
 + Level 3.2 Spellcasting
 + Level 5.0 Summonings


You had 6 spell levels left.
You knew the following spells:

 Your Spells              Type           Power        Failure   Level  Hunger
a - Summon Small Mammal   Summ           ###.         3%          1    #......
b - Call Imp              Summ           ###.....     5%          2    ##.....
c - Call Canine Familiar  Summ           ###.....     11%         3    ###....

Your spell library contained the following spells:

 Spells                   Type           Power        Failure   Level  Hunger
 Summon Guardian Golem    Hex/Summ       #.......     30%         3    ###....
 Summon Ice Beast         Ice/Summ       #.......     71%         4    #####..
 Summon Lightning Spire   Summ/Air       #.......     71%         4    #####..


Dungeon Overview and Level Annotations

Branches:
Dungeon (5/15)
 Temple: D:4-7

Altars:
Gozag

Shops:
D:4 :

Annotations:
D:4 Edmund


Innate Abilities, Weirdness & Mutations

You revert to your normal form in water.
You are very nimble and swift while swimming.
You are very stealthy in the water. (Stealth+)
You have a pair of small horns on your head.
You are robust. (+10% HP)


Message History

Your crimson imp hits the hound.
You hear some strange, mumbled words.
A magic dart appears from out of thin air!
The magic dart hits you.
* * * LOW HITPOINT WARNING * * *
The hound misses you.
You closely miss something. The hound misses you.
Your shadow imp hits something but does no damage.
Your crimson imp closely misses the hound.
Something hits you but does no damage.
You swap places.
The hound bites you.
* * * LOW HITPOINT WARNING * * *
Your shadow imp hits something but does no damage.
Your crimson imp blinks!
The hound bites you.
* * * LOW HITPOINT WARNING * * *
You hit something but do no damage. The hound barely misses you.
Something hits you but does no damage.
You hit something. The hound bites you.
You die...

...#.................#.......#
####.####.#####......#.......#
#.##...........#########..##
#.##.#.######.......#......##
#.##.#.# ##.......#.......#
#......#####.....#########..#
##.......#............#.....#
#####..).##.#............#.....#
.........##.#...@.....#######..#
<÷.............5{h.............#
.......#.##.#...5.>.##.##...#..#
##........#.#......)##........##
#...........#.......######.####
#......#..########### #..#
..#'#.....# #.## ..'∩'.....##
#.# ..#'#......# ### #.#


You could see a hound, a friendly crimson imp (summoned) and a friendly shadow
imp (summoned).

Vanquished Creatures
  A scorpion (D:4)
  A centaur skeleton (D:5)
  A worker ant (D:5)
  An adder (D:2)
  A dart slug (D:4)
  A leopard gecko (D:1)
  2 orcs (D:4)
  A giant cockroach (D:1)
  9 goblins
  6 hobgoblins
  8 jackals
  3 quokkas
  2 ball pythons
  2 bats
  3 frilled lizards
  3 kobolds (D:1)
  6 rats
51 creatures vanquished.

Vanquished Creatures (collateral kills)
  2 ogres (D:4)
  A centaur (D:5)
  A scorpion (D:2)
  A howler monkey (D:5)
  An orc priest (D:4)
  Crazy Yiuf (D:4)
  Robin (D:3)
  6 adders
  3 dart slugs
  A leopard gecko (D:5)
  An orc (D:4)
  A ball python (D:1)
  2 giant cockroaches (D:2)
  3 goblins
  7 hobgoblins
  10 jackals
  6 kobolds
  5 bats
  5 rats
58 creatures vanquished.

Vanquished Creatures (others)
  A hound (D:5)
1 creature vanquished.

Grand Total: 110 creatures vanquished

Notes
Turn   | Place    | Note
-------+----------+-------------------------------------------
     0 | D:1      | promet the Merfolk Summoner began the quest for the Orb.
     0 | D:1      | Reached XP level 1. HP: 13/13 MP: 3/3
   353 | D:1      | Reached XP level 2. HP: 18/20 MP: 3/5
   532 | D:1      | Gained mutation: Your magical capacity is low. (-10% MP)
                  | [potion of mutation]
   532 | D:1      | Gained mutation: You can translocate small distances at
                  | will. [potion of mutation]
  1234 | D:1      | Learned a level 2 spell: Call Imp
  1361 | D:1      | Reached XP level 3. HP: 25/25 MP: 5/5
  1748 | D:2      | Reached skill level 1 in Short Blades
  2238 | D:2      | Reached XP level 4. HP: 28/31 MP: 6/6
  3184 | D:2      | HP: 1/31 [poisoned by a scorpion]
  3984 | D:3      | Found an opulent altar of Gozag.
  4194 | D:3      | Reached XP level 5. HP: 34/36 MP: 6/8
  4293 | D:3      | Lost mutation: Your magical capacity is low. (-10% MP)
                  | [potion of mutation]
  4293 | D:3      | Lost mutation: You can translocate small distances at will.
                  | [potion of mutation]
  4293 | D:3      | Gained mutation: You are robust. (+10% HP) [potion of
                  | mutation]
  4293 | D:3      | Gained mutation: You have a pair of small horns on your
                  | head. [potion of mutation]
  4892 | D:4      | Found a runed translucent door.
  4893 | D:4      | Noticed Crazy Yiuf
  4916 | D:4      | Killed Crazy Yiuf
  5242 | D:4      | Noticed an ogre
  5250 | D:4      | Noticed Edmund
  5257 | D:4      | Killed an ogre
  5257 | D:4      | Reached skill level 1 in Armour
  5299 | D:4      | Noticed Robin
  5353 | D:3      | Reached XP level 6. HP: 37/46 MP: 10/10
  5389 | D:3      | Killed Robin
  5776 | D:4      | Reached skill level 1 in Fighting
  5897 | D:4      | Learned a level 3 spell: Call Canine Familiar
  5945 | D:4      | Found Georygoha's Book Shoppe.
  6550 | D:5      | Entered Level 5 of the Dungeon
  6705 | D:5      | Reached skill level 5 in Summonings
  6714 | D:5      | Reached skill level 5 in Dodging
  6780 | D:5      | Reached skill level 1 in Slings
  6780 | D:5      | Reached XP level 7. HP: 15/52 MP: 11/11
  7158 | D:4      | Slain by a hound

Illustrated notes

Levels and vault maps discovered:
D:1:      giann_wishing_wells, layout_loops_ring
D:2:      minmay_spotlight, layout_basic, first_ration
D:3:      layout_loops_ring, nicolae_gozag_seed_capital
D:4:      layout_loops_cross, serial_shops, kennysheep_mini_moat, hex_large,
          hangedman_abyss_or_decor_stagger, uniq_robin, uniq_edmund,
          uniq_crazy_yiuf_cottage
D:5:      layout_gridville, slow_altar_1, zin_scriptorium

Skill      XL: |  1  2  3  4  5  6 |
---------------+-------------------+-----
Dodging        | 3 4 5 |  5.0
Short Blades   | 1 2 |  2.2
Armour         | 1 |  1.2
Stealth        | 3 |  3.0
Spellcasting   | 3 |  3.2
Fighting       | 1 |  1.2
Summonings     | 5 |  5.0
Slings         | 1 |  1.1
Throwing       | |  0.2
Shields        | |  0.5
Unarmed Combat | |  0.2

Action                   |  1- 3 |  4- 6 |  7- 9 || total
-------------------------+-------+-------+-------++-------
Melee: Unarmed           |    15 |       |       ||    15
       Club              |     7 |       |       ||     7
       Dagger            |   125 |   203 |    12 ||   340
       Headbutt          |       |    25 |     2 ||    27
       Hunting sling     |       |     1 |       ||     1
 Fire: Hunting sling     |     9 |    32 |       ||    41
       Shortbow          |       |       |     2 ||     2
Throw: Stone             |     2 |     5 |       ||     7
       Dart              |       |     6 |     3 ||     9
 Cast: Summon Small Mamm |    27 |    13 |       ||    40
       Call Imp          |     8 |    38 |     2 ||    48
       Call Canine Famil |       |     2 |     2 ||     4
  Use: Potion            |     4 |     8 |     1 ||    13
       Scroll            |     2 |     5 |       ||     7
 Stab: Sleeping          |     5 |     4 |       ||     9
       Distracted        |       |     2 |       ||     2
  Eat: Chunk             |     5 |    13 |     2 ||    20
       Ration            |       |     1 |       ||     1
Armor: Robe              |    17 |       |       ||    17
       Leather armour    |    18 |    58 |    10 ||    86
Dodge: Dodged            |   134 |   168 |    24 ||   326
Block: Buckler           |       |    35 |       ||    35
